 Dungeon Crawl Stone Soup version 0.28-a0-1594-ga885d4b3d6 (webtiles) character file.

Game seed: 15818311013675562154

176 Hasart the Insei (level 5, -5/34 HPs)
             Began as an Octopode Transmuter on Jan 20, 2022.
             Slain by Pikel (8 damage)
             ... on level 4 of the Dungeon.
             The game lasted 00:03:58 (3629 turns).

Hasart the Insei (Octopode Transmuter)              Turns: 3629, Time: 00:03:59

Health: -5/34      AC:  2    Str: 10    XL:     5   Next: 56%
Magic:  15/18      EV: 20    Int: 17    God:
Gold:   147        SH:  0    Dex: 17    Spells: 3/9 levels left

rFire   . . .      SeeInvis .     - Unarmed
rCold   . . .      Faith    .   (shield currently unavailable)
rNeg    . . .      Spirit   .   (helmet currently unavailable)
rPois   x          Reflect  .   (no amulet)
rElec   .          Harm     .   b - ring of magical power
rCorr   .          Rampage  .   (no ring)
Will    .....                   (no ring)
Stlth   ++........              (no ring)
HPRegen 0.11/turn               (no ring)
MPRegen 0.16/turn               (no ring)
                                (no ring)
                                (no ring)

@: spider-form (expiring), wereblooded
A: venomous fangs, almost no armour, (amphibious), 8 rings, tiny, (camouflage
1), (gelatinous body 1), (nimble swimmer 1), (tentacles)
a: End Transformation


You were on level 4 of the Dungeon.
You were a venomous arachnid creature.
You visited 1 branch of the dungeon, and saw 4 of its levels.

You collected 147 gold pieces.

Inventory:

Missiles
 j - a throwing net
Jewellery
 b - a ring of magical power (left front leg)
Scrolls
 c - a scroll of vulnerability {unknown}
 d - a scroll of blinking {unknown}
 g - a scroll of identify {unknown}
 h - a scroll of silence {unknown}
 i - a scroll of fog {unknown}
 l - a scroll of noise {unknown}
 n - a scroll of immolation {unknown}
Potions
 a - a potion of heal wounds {unknown}
 e - a potion of might {unknown}
 f - 2 potions of curing {unknown}
 k - a potion of attraction {unknown}
 m - 2 potions of cancellation {unknown}
 o - a potion of brilliance {unknown}


   Skills:
 + Level 2.1 Fighting
 + Level 2.8 Dodging
 * Level 4.1 Unarmed Combat
 + Level 2.7 Spellcasting
 + Level 2.7 Transmutations
 + Level 1.3 Poison Magic


You had 3 spell levels left.
You knew the following spells:

 Your Spells              Type           Power      Damage    Failure   Level
a - Beastly Appendage     Tmut           22%        N/A       17%         1
b - Wereblood             Tmut           11%        N/A       22%         2
c - Spider Form           Tmut/Pois      9%         N/A       45%         3

Your spell library contained the following spells:

 Spells                   Type           Power      Damage    Failure   Level
 Shock                    Conj/Air       8%         1d3       38%         1
 Call Canine Familiar     Summ           2%         N/A       69%         3
 Portal Projectile        Hex/Tloc       4%         N/A       69%         3
 Ice Form                 Ice/Tmut       7%         N/A       87%         4
 Petrify                  Tmut/Erth      7%         N/A       87%         4
 Flame Wave               Conj/Fire      2%         2d4       96%         4
 Leda's Liquefaction      Hex/Erth       1%         N/A       96%         4
 Lightning Bolt           Conj/Air       1%         1d12      100%        5


Dungeon Overview and Level Annotations

Branches:
Dungeon (4/15)
 Temple: D:4-7

Altars:

Annotations:
D:4 Natasha, Pikel, Sigmund


Innate Abilities, Weirdness & Mutations

You are a venomous arachnid creature.
You have poisonous fangs.
You are tiny and dextrous.
Your spellcasting is less reliable in this form.
Your armour is entirely melded.
You are incapable of wielding weapons or throwing items.
You cannot wear most types of armour.
((You are amphibious.))
You can wear up to eight rings at the same time.
((Your skin changes colour to match your surroundings (Stealth+).))
((Your rubbery body absorbs attacks. (AC +1, EV +1)))
((You are camouflaged when in or above water. (Stealth+)))
((You have tentacles for arms and can constrict up to eight enemies at once.))


Message History

Pikel says, "You'll feel the lick of my whip!"
You closely miss the lemure.
The lemure is moderately wounded.
The lemure completely misses you.
You hit the lemure.
The lemure looks as sick as possible!
The lemure is heavily wounded.
The lemure hits you.
You hit the lemure.
The lemure is severely wounded.
The lemure completely misses you.
Sigmund the Dreaded comes into view.
He is wielding a +0 scythe.
Sigmund shouts!
You hit the lemure.
The lemure looks as sick as possible!
The lemure is almost dead.
Your transformation is almost over.
Natasha, Servant of Life and Death comes into view.
The lemure completely misses you.
You bite the lemure!
You kill the lemure!
That felt strangely unrewarding.
Natasha extends her claws.
Natasha mumbles some strange words.
Natasha drinks a potion.
Natasha seems to speed up.
You completely miss Pikel.
The lemure shouts!
Pikel closely misses you.
You barely miss Pikel.
Natasha howls an incantation.
Natasha's front paws start to glow.
Pikel hits you with a +1 whip of electrocution.
You are electrocuted!!
Ouch! That really hurt!
* * * LOW HITPOINT WARNING * * *
You hit Pikel but do no damage.
Pikel is poisoned.
Pikel hits you with a +1 whip of electrocution.
* * * LOW HITPOINT WARNING * * *
You closely miss Pikel.
Pikel is lightly wounded.
Pikel hits you with a +1 whip of electrocution!
You die...

#..........#
##########.# #.#
###.### #.....#
.##########.....#
................#
#(####.###.....#
#s# #.....# #K#
####### #5# @55
#5# .h. #.# ...


You could see Pikel (very poisoned), Sigmund, 3 lemures, Natasha (fast) and a
shadow imp (summoned).

Vanquished Creatures
  A necrophage (D:3)
  A lemure (D:4)
  A hound skeleton (D:4)
  A gnoll (D:2)
  2 adders (D:2)
  An adder skeleton (D:3)
  4 endoplasms
  2 giant cockroaches (D:4)
  6 hobgoblins
  2 quokkas
  8 ball pythons
  2 bats (D:1)
  4 frilled lizards
  4 goblins
  A jackal skeleton (D:3)
  9 kobolds
  2 rats
51 creatures vanquished.

Notes
Turn   | Place    | Note
-------+----------+-------------------------------------------
     0 | D:1      | Hasart the Octopode Transmuter began the quest for the Orb.
     0 | D:1      | Reached XP level 1. HP: 13/13 MP: 3/3
   379 | D:1      | Reached XP level 2. HP: 18/18 MP: 5/5
   572 | D:1      | Learned a level 2 spell: Wereblood
   760 | D:1      | Got Ewae's Compendium of Changing and Attacks
   768 | D:1      | Found a faded altar of an unknown god.
  1339 | D:2      | Reached XP level 3. HP: 14/23 MP: 6/6
  2059 | D:2      | Learned a level 3 spell: Spider Form
  2471 | D:3      | Reached XP level 4. HP: 25/28 MP: 7/7
  2551 | D:3      | Noticed a necrophage
  2563 | D:3      | Killed a necrophage
  2564 | D:3      | Reached skill level 4 in Unarmed Combat
  2564 | D:3      | Reached skill level 1 in Poison Magic
  2564 | D:3      | Reached XP level 5. HP: 9/34 MP: 8/8
  3613 | D:4      | Noticed a lemure
  3613 | D:4      | Noticed a lemure
  3613 | D:4      | Noticed a lemure
  3614 | D:4      | Noticed Pikel
  3615 | D:4      | Noticed a lemure
  3622 | D:4      | Noticed Sigmund
  3623 | D:4      | Noticed Natasha
  3624 | D:4      | Killed a lemure
  3629 | D:4      | Slain by Pikel

Illustrated notes

Levels and vault maps discovered:
D:1:      eino_arrival_druids_welcome, layout_rooms,
          shapermc_ecumenical_altar_ellora
D:2:      layout_loops_corners, kennysheep_cross_bottleneck, minmay_tromino_v7
D:3:      layout_loops_corners, serial_undead, serial_undead_b, serial_undead_c,
          serial_undead_c, serial_undead_b, grunt_ministairs_14
D:4:      layout_loops_ring, uniq_natasha, uniq_pikel, uniq_sigmund

Skill      XL: |  1  2  3  4  5 |
---------------+----------------+-----
Unarmed Combat | 4 |  4.1
Poison Magic   | 1 |  1.3
Fighting       | 2 |  2.1
Dodging        | |  2.8
Spellcasting   | |  2.7
Transmutations | |  2.7

Action                   |  1- 3 |  4- 6 || total
-------------------------+-------+-------++-------
Melee: Unarmed           |    67 |    51 ||   118
       Constrict         |    19 |    10 ||    29
       Tentacles         |    15 |    10 ||    25
       Kick              |     1 |     5 ||     6
       Punch             |     1 |     1 ||     2
 Cast: Beastly Appendage |     1 |     1 ||     2
       Spider Form       |       |     1 ||     1
       Wereblood         |       |     1 ||     1
 Stab: Sleeping          |     3 |     3 ||     6
       Distracted        |     1 |     1 ||     2
Armor: Skin              |     1 |     1 ||     2
Dodge: Dodged            |    37 |    21 ||    58

Table legend: (Time is in decaauts)
 A = Elapsed time spent in this place.
 B = Non-inter-level travel time spent in this place.
 C = Inter-level travel time spent in this place.
 D = Time resting spent in this place.
 E = Time spent auto-exploring this place.
 F = Levels seen in this place.
 G = Mean time per level.
                   A        B        C        D        E       F      G
               +--------+--------+--------+--------+--------+-----+--------+
         Total |   3620 |   3572 |     48 |    270 |   2946 |   4 |  905.0 |
       Dungeon |   3620 |   3572 |     48 |    270 |   2946 |   4 |  905.0 |
               +--------+--------+--------+--------+--------+-----+--------+

Top non-repeatable levels by time:
     D:2: 1358 daAuts
     D:3: 1089 daAuts
     D:1: 909 daAuts
     D:4: 263 daAuts
